[Event "Titled Tuesday Blitz March 14 Early 2023"]
[White "Goltsev, Dmitry"]
[Black "Bas Mas, Jose Joaquin"]
[WhiteFideId "24176710"]
[BlackFideId "22219064"]
[WhiteElo "2336"]
[BlackElo "2233"]
[Result "1/2-1/2"]
[Round "01"]
[TimeControl "180+2"]
[Date "2023.03.14"]
[WhiteClock "0:00:51"]
[BlackClock "0:00:18"]

1. e4 e6 2. d4 d5 3. exd5 exd5 4. Nf3 Bd6 5. c4 dxc4 6. Bxc4 Ne7 7. Nc3 O-O 8. O-O Bg4 9. Bg5 h6 10. Bh4 Nbc6 11. Re1 Qd7 12. a3 Nf5 13. Bg3 Ncxd4 14. Bxd6 Qxd6 15. Ne4 Nxf3+ 16. gxf3 Qxd1 17. Raxd1 Bxf3 18. Rd7 Rac8 19. Bd5 c6 20. Nf6+ gxf6 21. Bxf3 Rcd8 22. Rxb7 Rd2 23. Bxc6 Nd4 24. Be4 f5 25. Bd5 Ne2+ 26. Kf1 Nf4 27. Bb3 Nd3 28. Re2 Rxe2 29. Kxe2 Nc1+ 30. Kf3 Nxb3 31. Rxb3 Rc8 32. Rb7 Rc2 33. b4 Rc3+ 34. Kf4 Rxa3 35. Kxf5 Kg7 36. f4 Ra2 37. h4 Rb2 38. b5 Rb4 39. Ke5 h5 40. Kf5 Rc4 41. Kg5 Rc5+ 42. f5 Kf8 43. Kf6 Ke8 44. Re7+ Kd8 45. Rxf7 Rxb5 46. Rxa7 Ke8 47. Kg6 Rb4 48. Kxh5 Kf8 49. f6 Rb1 50. Kh6 Rf1 51. Ra8+ Kf7 52. h5 Rxf6+ 53. Kh7 Rf1 54. h6 Rg1 55. Kh8 Rg2 56. Ra7+ Kf8 57. Rg7 Rh2 58. Kh7 Rf2 59. Rg3 Rf1 60. Kg6 Kg8 61. Rg4 Ra1 62. Kh5+ Kh7 63. Rg7+ Kh8 64. Rg5 Kh7 65. Rg7+ Kh8 66. Re7 Ra5+ 67. Kg6 Ra6+ 68. Kg5 Ra5+ 69. Kf4 Ra4+ 70. Kf5 Ra5+ 71. Ke4 Ra6 72. h7 Rh6 73. Kf5 Rxh7 74. Re8+ Kg7 75. Kg5 Rh1 76. Re7+ Kf8 77. Ra7 Rg1+ 78. Kf6 Rf1+ 79. Ke6 Re1+ 80. Kf6 Rf1+ 81. Ke6 Re1+ 82. Kf6 Rf1+ 1/2-1/2


[Site "https://www.chess.com"]

[Event "Titled Tuesday Blitz March 14 Early 2023"]
[White "Coelho, Ramyres Santana"]
[Black "Tan, Zhongyi"]
[WhiteFideId "2120690"]
[BlackFideId "8603642"]
[WhiteElo "1888"]
[BlackElo "2519"]
[Result "0-1"]
[Round "01"]
[TimeControl "180+2"]
[Date "2023.03.14"]
[WhiteClock "0:00:08"]
[BlackClock "0:00:20"]

1. e4 c5 2. Nf3 d6 3. d4 cxd4 4. Nxd4 Nf6 5. Nc3 g6 6. f4 Bg7 7. e5 dxe5 8. fxe5 Nd5 9. Bb5+ Kf8 10. O-O Nc6 11. Bxc6 bxc6 12. e6 f5 13. Kh1 Nxc3 14. bxc3 c5 15. Qf3 cxd4 16. Qxa8 h6 17. Rb1 Kg8 18. Rb8 Kh7 19. Ba3 dxc3 20. h3 Qc7 21. Rbb1 Bxe6 22. Qf3 Bxa2 23. Rb7 Qa5 24. Bxe7 Bd5 25. Bf6 Bxb7 26. Qxb7 Rg8 27. Rd1 Qb6 28. Rd7 Qxb7 29. Rxb7 Kh8 30. Bxg7+ Rxg7 31. Rb8+ Kh7 32. Rc8 a5 33. Rxc3 Ra7 34. Ra3 Kg7 35. Kg1 Kf6 36. Kf2 Ke5 37. Ke3 Kd5 38. Kd3 a4 39. c4+ Kc5 40. Kc3 f4 41. Ra1 a3 42. Kb3 a2 43. Kb2 g5 44. Rc1 a1=Q+ 45. Rxa1 Rxa1 46. Kxa1 Kxc4 47. Kb2 Kd3 48. h4 g4 49. Kc1 f3 50. gxf3 gxf3 51. Kd1 f2 52. h5 f1=Q# 0-1


[Site "https://www.chess.com"]

[Event "Titled Tuesday Blitz March 14 Early 2023"]
[White "Liyanage, Ranindu Dilshan"]
[Black "Liu, Casper"]
[WhiteFideId "9915834"]
[BlackFideId "1454153"]
[WhiteElo "2199"]
[BlackElo "2221"]
[Result "1-0"]
[Round "01"]
[TimeControl "180+2"]
[Date "2023.03.14"]
[WhiteClock "0:02:32"]
[BlackClock "0:01:09"]

1. e4 c5 2. Nc3 g6 3. f4 Bg7 4. Nf3 Nc6 5. Bb5 Nd4 6. O-O Nxb5 7. Nxb5 a6 8. Nc3 d6 9. d3 Nf6 10. Qe1 O-O 11. Qh4 b5 12. f5 gxf5 13. Bh6 b4 14. Ne2 fxe4 15. dxe4 e5 16. Ng5 Nxe4 17. Qxe4 Bxh6 18. Qxh7# 1-0


[Site "https://www.chess.com"]

[Event "Titled Tuesday Blitz March 14 Early 2023"]
[White "Sarkar, Justin"]
[Black "Agasarov, Benik"]
[WhiteFideId "2010011"]
[BlackFideId "13314823"]
[WhiteElo "2189"]
[BlackElo "2179"]
[Result "1-0"]
[Round "01"]
[TimeControl "180+2"]
[Date "2023.03.14"]
[WhiteClock "0:00:13"]
[BlackClock "0:01:24"]

1. d4 Nf6 2. c4 e6 3. Nf3 d5 4. Nc3 Bb4 5. Bg5 h6 6. Bxf6 Qxf6 7. e3 O-O 8. Be2 dxc4 9. Bxc4 c6 10. O-O Bxc3 11. bxc3 Nd7 12. a4 e5 13. a5 Re8 14. Qb3 e4 15. Nd2 Nf8 16. f3 Be6 17. fxe4 Bxc4 18. Qxc4 Qe6 19. e5 Rad8 20. Qxe6 Nxe6 21. Rab1 Re7 22. Ne4 Rb8 23. Rb2 Nc7 24. Nd6 Nd5 25. e4 Nxc3 26. Rc1 Nb5 27. Nxb5 cxb5 28. Rxb5 Rd8 29. Rc4 f6 30. exf6 Rxe4 31. Rxb7 gxf6 32. Rxa7 Rexd4 33. Rxd4 Rxd4 34. a6 Rd2 35. Rb7 Rd1+ 36. Kf2 Rd2+ 37. Kf3 Rd3+ 38. Ke4 Ra3 39. a7 Ra4+ 40. Kf5 Ra5+ 41. Kg6 Rg5+ 42. Kxf6 Ra5 43. Rb8+ Kh7 44. a8=R Rxa8 45. Rxa8 h5 46. h4 Kh6 47. Rh8# 1-0


[Site "https://www.chess.com"]

[Event "Titled Tuesday Blitz March 14 Early 2023"]
[White "Seo, Jung Min"]
[Black "Rostomyan, Mikayel"]
[WhiteFideId "1734687"]
[BlackFideId "13313754"]
[WhiteElo "2468"]
[BlackElo "2009"]
[Result "1-0"]
[Round "01"]
[TimeControl "180+2"]
[Date "2023.03.14"]
[WhiteClock "0:01:57"]
[BlackClock "0:00:23"]

1. Nf3 Nf6 2. c4 c5 3. Nc3 Nc6 4. g3 g6 5. Bg2 Bg7 6. O-O O-O 7. d4 cxd4 8. Nxd4 e5 9. Ndb5 a6 10. Nd6 Ne8 11. Nxe8 Rxe8 12. Ne4 Rb8 13. Nd6 Re6 14. c5 b6 15. Bd5 Re7 16. Bg5 bxc5 17. Nxf7 Qf8 18. Nxe5+ Kh8 19. Bxe7 Nxe7 20. Nf7+ Kg8 21. Nd6+ Kh8 22. Nxc8 Nxc8 23. Rb1 Ne7 24. Bb3 Rb7 25. e3 Qf5 26. Qd6 Qf6 27. Qxc5 1-0


[Site "https://www.chess.com"]

[Event "Titled Tuesday Blitz March 14 Early 2023"]
[White "Klepikov, Nikita"]
[Black "Maatman, Nick"]
[WhiteFideId "24145220"]
[BlackFideId "1040391"]
[WhiteElo "2025"]
[BlackElo "2702"]
[Result "1-0"]
[Round "01"]
[TimeControl "180+2"]
[Date "2023.03.14"]
[WhiteClock "0:00:49"]
[BlackClock "0:00:16"]

1. e4 c6 2. d4 d5 3. Nd2 dxe4 4. Nxe4 Nf6 5. Nxf6+ exf6 6. c3 Bd6 7. Bd3 O-O 8. Qc2 Re8+ 9. Ne2 h5 10. h3 h4 11. Be3 Nd7 12. O-O-O Nf8 13. c4 Be6 14. Nc3 Bb4 15. g3 hxg3 16. Rhg1 Bxc3 17. Qxc3 gxf2 18. Bxf2 Qc7 19. Bg3 Qd7 20. h4 Bf5 21. h5 Bxd3 22. Qxd3 Qe6 23. Bf4 Rad8 24. Rxg7+ Kxg7 25. Rg1+ Ng6 26. hxg6 fxg6 27. Qxg6+ Kf8 28. Qg7# 1-0


[Site "https://www.chess.com"]

[Event "Titled Tuesday Blitz March 14 Early 2023"]
[White "Krysa, Leandro"]
[Black "Buscar, Michael"]
[WhiteFideId "116807"]
[BlackFideId "2603616"]
[WhiteElo "2485"]
[BlackElo "2010"]
[Result "1-0"]
[Round "01"]
[TimeControl "180+2"]
[Date "2023.03.14"]
[WhiteClock "0:00:30"]
[BlackClock "0:00:03"]

1. e4 c5 2. Nf3 Nc6 3. d4 cxd4 4. Nxd4 Nf6 5. Nc3 e5 6. Ndb5 h6 7. Nd5 Nxd5 8. exd5 a6 9. Nc3 Nd4 10. Bd3 d6 11. O-O Be7 12. a4 O-O 13. a5 Bd7 14. Bd2 f5 15. Na4 Bxa4 16. Rxa4 f4 17. c3 Nf5 18. Qg4 Qd7 19. Rb4 Bd8 20. Ra1 Rc8 21. h3 Rc7 22. Re1 Ne7 23. Qxd7 Rxd7 24. Ra1 g5 25. Be4 Kg7 26. Be1 Ng8 27. f3 Nf6 28. Bf2 Nxe4 29. Rxe4 Be7 30. c4 Rc8 31. b4 Kf6 32. Rc1 Rdc7 33. Bb6 Rd7 34. Kf2 h5 35. Ke2 Kf5 36. Rd1 Rg8 37. c5 dxc5 38. bxc5 g4 39. hxg4+ hxg4 40. d6 Bd8 41. Bxd8 Rgxd8 42. Rd5 Re8 43. Kd3 gxf3 44. gxf3 Rh7 45. d7 Rd8 46. Rdxe5+ Kf6 47. Re6+ Kf5 48. R4e5# 1-0


[Site "https://www.chess.com"]

[Event "Titled Tuesday Blitz March 14 Early 2023"]
[White "Manon-og, Ramon Jr."]
[Black "Starozhilov, Leonid"]
[WhiteFideId "5200776"]
[BlackFideId "14106752"]
[WhiteElo "2323"]
[BlackElo "2402"]
[Result "1-0"]
[Round "01"]
[TimeControl "180+2"]
[Date "2023.03.14"]
[WhiteClock "0:01:28"]
[BlackClock "0:00:46"]

1. e4 g6 2. d4 Bg7 3. Nc3 d6 4. Be3 a6 5. Qd2 b5 6. a3 Nd7 7. Nf3 Bb7 8. Be2 Ngf6 9. e5 Ng4 10. e6 fxe6 11. Ng5 Nxe3 12. fxe3 Nf8 13. O-O Qd7 14. Nf7 Rg8 15. e4 Bf6 16. Nh6 Rh8 17. Bg4 Qc6 18. e5 dxe5 19. Bf3 Qb6 20. Bxb7 Qxb7 21. dxe5 Bxe5 22. Nf7 Nd7 23. Nxh8 Bxh8 24. Rad1 O-O-O 25. Qxd7+ 1-0


[Site "https://www.chess.com"]

[Event "Titled Tuesday Blitz March 14 Early 2023"]
[White "Samant Aditya S"]
[Black "Jiganchine, Roman"]
[WhiteFideId "35080580"]
[BlackFideId "2603667"]
[WhiteElo "2362"]
[BlackElo "2316"]
[Result "1-0"]
[Round "01"]
[TimeControl "180+2"]
[Date "2023.03.14"]
[WhiteClock "0:00:30"]
[BlackClock "0:00:18"]

1. e4 c6 2. d3 d5 3. Nd2 e5 4. Ngf3 Bd6 5. g3 Nf6 6. Bg2 O-O 7. O-O Re8 8. Nh4 a5 9. a4 Nbd7 10. h3 b6 11. Nf5 Bf8 12. Re1 Ba6 13. Ne3 Nc5 14. b3 dxe4 15. dxe4 Qd4 16. Rb1 Rad8 17. Qf3 Qc3 18. Rd1 b5 19. Bb2 Qb4 20. c3 Rxd2 21. cxb4 Rxd1+ 22. Rxd1 Nxb3 23. axb5 cxb5 24. bxa5 Nxa5 25. Bf1 Bb7 26. Nd5 Nxd5 27. exd5 e4 28. Qc3 Nc4 29. Bxc4 bxc4 30. Qxc4 e3 31. fxe3 Rxe3 32. Kf2 Re8 33. d6 Rc8 34. Qxc8 Bxc8 35. d7 1-0


[Site "https://www.chess.com"]

[Event "Titled Tuesday Blitz March 14 Early 2023"]
[White "Perez Rodriguez, Jennifer"]
[Black "Csonka, Balazs"]
[WhiteFideId "3507831"]
[BlackFideId "742910"]
[WhiteElo "2170"]
[BlackElo "2404"]
[Result "0-1"]
[Round "01"]
[TimeControl "180+2"]
[Date "2023.03.14"]
[WhiteClock "0:00:23"]
[BlackClock "0:01:04"]

1. e4 e5 2. Nf3 Nc6 3. Bb5 a6 4. Ba4 Nf6 5. d3 d6 6. Nc3 g6 7. Bg5 Bg7 8. d4 b5 9. Bb3 Nxd4 10. Nxd4 exd4 11. Qxd4 c5 12. Bxf6 cxd4 13. Bxg7 dxc3 14. Bxc3 O-O 15. O-O-O Be6 16. e5 Bxb3 17. axb3 Qg5+ 18. Kb1 dxe5 19. h4 Qxg2 20. Bxe5 Rad8 21. Rdf1 Rfe8 22. Bf6 Rd6 23. Bc3 h5 24. Rhg1 Qh3 0-1


[Site "https://www.chess.com"]

[Event "Titled Tuesday Blitz March 14 Early 2023"]
[White "Chen, Justin"]
[Black "Sovetbekova, Nurai"]
[WhiteFideId "2098199"]
[BlackFideId "13801910"]
[WhiteElo "2289"]
[BlackElo "1857"]
[Result "1-0"]
[Round "01"]
[TimeControl "180+2"]
[Date "2023.03.14"]
[WhiteClock "0:00:08"]
[BlackClock "0:00:04"]

1. Nf3 Nf6 2. c4 g6 3. Nc3 Bg7 4. g3 O-O 5. Bg2 c5 6. d4 Nc6 7. d5 Na5 8. Nd2 d6 9. Qc2 e6 10. O-O exd5 11. cxd5 b6 12. Re1 Ng4 13. h3 Ne5 14. f4 Nec4 15. Nf3 Bd4+ 16. e3 Bf5 17. Qf2 Bxc3 18. bxc3 Re8 19. Ng5 h6 20. e4 hxg5 21. exf5 gxf4 22. fxg6 Qf6 23. gxf7+ Qxf7 24. Bxf4 Ne5 25. Rad1 Nac4 26. Re4 b5 27. Qe2 Ng6 28. Qg4 Kh7 29. Re6 Nce5 30. Bxe5 dxe5 31. Be4 Rg8 32. Rf1 Qg7 33. Rff6 Kh8 34. Rxg6 Qh7 35. Rxg8+ Rxg8 36. Bxh7 Rxg4 37. hxg4 1-0


[Site "https://www.chess.com"]

[Event "Titled Tuesday Blitz March 14 Early 2023"]
[White "Fajdetic, Hrvoje"]
[Black "Ozates, Tuna"]
[WhiteFideId "14501945"]
[BlackFideId "6354521"]
[WhiteElo "2185"]
[BlackElo "2151"]
[Result "0-1"]
[Round "01"]
[TimeControl "180+2"]
[Date "2023.03.14"]
[WhiteClock "0:00:04"]
[BlackClock "0:00:27"]

1. d4 Nf6 2. Bf4 g6 3. Nc3 Bg7 4. e4 d6 5. Qd2 O-O 6. O-O-O c6 7. Bh6 Qa5 8. f3 b5 9. Kb1 b4 10. Nce2 Be6 11. Nc1 c5 12. d5 Bd7 13. h4 Nh5 14. g4 Ng3 15. Rh3 Nxf1 16. Rxf1 c4 17. Bxg7 Kxg7 18. h5 c3 19. Qd4+ f6 20. hxg6 hxg6 21. Nge2 cxb2 22. Nb3 Qb6 23. Rfh1 Kf7 24. Nf4 g5 25. Rh7+ Ke8 26. Ng6 Rg8 27. Rxe7+ Kd8 28. Qxf6 Kc7 29. Rhh7 a5 30. Nd4 a4 31. Ne6+ Kc8 32. Qf7 Qg1+ 33. Kxb2 a3+ 34. Kb3 Qe3+ 35. Kxb4 Ra4# 0-1


[Site "https://www.chess.com"]

[Event "Titled Tuesday Blitz March 14 Early 2023"]
[White "Vishnu, Prasanna. V"]
[Black "Wilson, Elvin"]
[WhiteFideId "5030692"]
[BlackFideId "2014874"]
[WhiteElo "2468"]
[BlackElo "2277"]
[Result "0-1"]
[Round "01"]
[TimeControl "180+2"]
[Date "2023.03.14"]
[WhiteClock "0:00:15"]
[BlackClock "0:01:15"]

1. e4 e6 2. b3 d5 3. Bb2 Nc6 4. Qe2 dxe4 5. Nc3 Nd4 6. Qxe4 Nf6 7. Qd3 e5 8. f3 Be7 9. O-O-O O-O 10. g4 a5 11. Nge2 Nc6 12. Qe3 b6 13. d4 exd4 14. Nxd4 Nxd4 15. Rxd4 Bc5 16. Ne2 Bxd4 17. Nxd4 Re8 18. Qf2 a4 19. Bc4 Bb7 20. Nf5 axb3 21. Bxb3 Ra5 22. Rd1 Qc8 23. Nxg7 Kxg7 0-1


[Site "https://www.chess.com"]

[Event "Titled Tuesday Blitz March 14 Early 2023"]
[White "Samaganova, Aleksandra"]
[Black "Hernandez Gonzalez, William"]
[WhiteFideId "13800221"]
[BlackFideId "3509915"]
[WhiteElo "1858"]
[BlackElo "2374"]
[Result "1/2-1/2"]
[Round "01"]
[TimeControl "180+2"]
[Date "2023.03.14"]
[WhiteClock "0:00:03"]
[BlackClock "0:00:07"]

1. c4 c5 2. Nc3 Nf6 3. Nf3 Nc6 4. e3 g6 5. d4 cxd4 6. exd4 d5 7. cxd5 Nxd5 8. h3 Bg7 9. Bc4 Nxc3 10. bxc3 O-O 11. O-O b6 12. Re1 Bb7 13. Ba3 Re8 14. Rb1 a6 15. Ng5 e6 16. Ne4 Na5 17. Bd3 Qd5 18. Rxb6 f5 19. Rxb7 Nxb7 20. Nc5 Nxc5 21. Bxc5 Kh8 22. Qa4 e5 23. c4 Qb7 24. d5 e4 25. Bc2 Rac8 26. Be3 Qc7 27. c5 f4 28. Bd4 e3 29. fxe3 fxe3 30. d6 Qf7 31. Rf1 Qd5 32. Bxg7+ Kxg7 33. d7 e2 34. Re1 Qd2 35. Rxe2 Qxe2 36. Qd4+ Kh6 37. Qf4+ Kg7 38. Qd4+ Kf7 39. Qd5+ Ke7 40. Qd6+ Kd8 41. dxc8=Q+ Kxc8 42. Qc6+ Kb8 43. Qb6+ Kc8 44. Qc6+ Kd8 45. Qd6+ Kc8 46. Qc6+ 1/2-1/2


[Site "https://www.chess.com"]

[Event "Titled Tuesday Blitz March 14 Early 2023"]
[White "Weetik, Vjacheslav"]
[Black "Zaksaite, Salomeja"]
[WhiteFideId "4153472"]
[BlackFideId "12801496"]
[WhiteElo "2469"]
[BlackElo "2059"]
[Result "1-0"]
[Round "01"]
[TimeControl "180+2"]
[Date "2023.03.14"]
[WhiteClock "0:00:02"]
[BlackClock "0:00:01"]

1. d4 Nf6 2. Bf4 g6 3. Nf3 Bg7 4. e3 d6 5. c4 O-O 6. Nc3 c5 7. d5 Nh5 8. Bg5 h6 9. Bh4 g5 10. Nd2 Bxc3 11. bxc3 Ng7 12. Bg3 f5 13. f4 e5 14. fxe5 f4 15. exf4 gxf4 16. Bf2 dxe5 17. Ne4 b6 18. Bd3 Bf5 19. g4 fxg3 20. hxg3 h5 21. Be3 Nd7 22. Ng5 Bg4 23. Bh7+ Kh8 24. Qxg4 hxg4 25. Bg6+ Kg8 26. Bh7+ Kh8 27. Bg6+ Kg8 28. Bf7+ Rxf7 29. Rh8+ Kxh8 30. Nxf7+ Kg8 31. Nxd8 Rxd8 32. a4 a5 33. Rb1 Nf5 34. Bg5 Re8 35. Kf2 e4 36. Re1 Kf7 37. Bf4 Kg6 38. Rh1 e3+ 39. Ke2 Nf6 40. Rb1 Ne4 41. Kd3 Nf2+ 42. Ke2 Ne4 43. Rxb6+ Kf7 44. Rb7+ Kf8 45. Kd3 1-0


[Site "https://www.chess.com"]

[Event "Titled Tuesday Blitz March 14 Early 2023"]
[White "Smith, Garrett L"]
[Black "Fiorito, Francisco"]
[WhiteFideId "2024829"]
[BlackFideId "180165"]
[WhiteElo "2269"]
[BlackElo "2341"]
[Result "0-1"]
[Round "01"]
[TimeControl "180+2"]
[Date "2023.03.14"]
[WhiteClock "0:00:49"]
[BlackClock "0:00:35"]

1. e4 c5 2. a3 Nc6 3. b4 cxb4 4. axb4 e5 5. b5 Nd4 6. Bc4 Nf6 7. Nc3 Bc5 8. d3 h6 9. Nge2 d6 10. Nxd4 Bxd4 11. Bd2 Ng4 12. Qf3 O-O 13. O-O Qh4 14. h3 Nf6 15. Ra2 Be6 16. Ne2 Bb6 17. Be3 Rac8 18. Bxb6 axb6 19. Bxe6 fxe6 20. Ng3 Nd7 21. Qe3 Nc5 22. Re1 Rf7 23. d4 exd4 24. Qxd4 Rcf8 25. Re2 Qf4 26. c4 Nb3 27. Qc3 Nc1 28. Rac2 Nxe2+ 29. Rxe2 Rc8 30. Qd4 Rc5 31. Nf1 d5 32. cxd5 exd5 33. g3 Qf3 34. Re1 Rc4 35. Qxd5 Qxf2+ 0-1


[Site "https://www.chess.com"]

[Event "Titled Tuesday Blitz March 14 Early 2023"]
[White "Papasimakopoulos, Alexandros"]
[Black "Kalajzic, Ivan"]
[WhiteFideId "4244125"]
[BlackFideId "14506378"]
[WhiteElo "2359"]
[BlackElo "2203"]
[Result "1/2-1/2"]
[Round "01"]
[TimeControl "180+2"]
[Date "2023.03.14"]
[WhiteClock "0:00:09"]
[BlackClock "0:00:17"]

1. d4 Nc6 2. Nf3 d6 3. e4 Bg4 4. Bb5 a6 5. Bxc6+ bxc6 6. O-O Nf6 7. Re1 Nd7 8. h3 Bh5 9. Nc3 c5 10. d5 Bxf3 11. Qxf3 g6 12. Bf4 Bg7 13. Qe3 Qb8 14. Rab1 Qb4 15. Bh6 Qd4 16. Bxg7 Qxg7 17. f4 O-O 18. e5 Rab8 19. b3 Rfe8 20. Rbd1 f5 21. Na4 Nb6 22. Nxb6 Rxb6 23. exd6 cxd6 24. Qd2 Rb4 25. c4 a5 26. Re3 a4 27. Rde1 axb3 28. axb3 Rb7 29. Qe2 Qd4 30. Qf2 Kf7 31. g4 Ra7 32. Kh1 Ra1 33. Rxa1 Qxa1+ 34. Kg2 Qd4 35. Re2 Qxf2+ 36. Kxf2 fxg4 37. hxg4 Rb8 38. Re3 h5 39. Kg3 Kf6 40. g5+ Kf5 41. Rxe7 Rxb3+ 42. Kh4 Kxf4 43. Re6 Rc3 44. Rxg6 Rxc4 45. Kxh5 Ke5 46. Rg8 Kxd5 47. g6 Rc1 48. Rc8 Rg1 49. Kh6 c4 50. g7 Kd4 51. Rc6 Rxg7 52. Kxg7 d5 53. Kf6 c3 54. Ke6 Kd3 55. Kxd5 c2 56. Rc8 Kd2 57. Kd4 c1=Q 58. Rxc1 Kxc1 1/2-1/2


[Site "https://www.chess.com"]

[Event "Titled Tuesday Blitz March 14 Early 2023"]
[White "Botez, Alexandra"]
[Black "Tillyaev, Ulugbek"]
[WhiteFideId "2603365"]
[BlackFideId "14202441"]
[WhiteElo "2059"]
[BlackElo "2377"]
[Result "0-1"]
[Round "01"]
[TimeControl "180+2"]
[Date "2023.03.14"]
[WhiteClock "0:00:05"]
[BlackClock "0:00:28"]

1. d4 e6 2. c4 b6 3. Nf3 Bb7 4. g3 Nf6 5. Bg2 Bb4+ 6. Bd2 a5 7. O-O Bxd2 8. Nbxd2 d6 9. Qc2 Nbd7 10. e4 O-O 11. Rfe1 e5 12. Rad1 Re8 13. b3 h6 14. Nb1 Qe7 15. Nc3 c6 16. h3 Rad8 17. a4 g6 18. Kh2 Qf8 19. d5 cxd5 20. Nxd5 Bxd5 21. exd5 Nc5 22. Re2 Nh5 23. Rde1 f5 24. Rd1 Qf6 25. Rde1 e4 26. Nd2 Qd4 27. Nf1 Nf6 28. Rd1 Nd3 29. Ne3 Qe5 30. Nf1 h5 31. Qb1 Nc5 32. f4 Qc3 33. Re3 Nd3 34. Nd2 h4 35. gxh4 Qd4 36. Nf1 Nh5 37. Qc2 Nhxf4 38. Qd2 Qe5 39. Kh1 Nh5 40. Nh2 Ng3+ 41. Kg1 f4 42. Qxd3 exd3 43. Rxe5 dxe5 44. Rxd3 e4 45. Rxg3 fxg3 46. Nf1 e3 47. Nxe3 Rxe3 48. Bf1 Re1 49. Kg2 Rf8 50. Bd3 Rff1 51. Kxg3 Re3+ 52. Kg2 Rxd3 53. Kxf1 Rxb3 54. Ke2 Rc3 55. Kd2 Rxc4 56. Kd3 Rxa4 57. d6 Kf7 58. d7 Ke7 0-1


[Site "https://www.chess.com"]

[Event "Titled Tuesday Blitz March 14 Early 2023"]
[White "Jia, Haoxiang"]
[Black "Bolanos, Fernando"]
[WhiteFideId "8602999"]
[BlackFideId "3304094"]
[WhiteElo "2637"]
[BlackElo "2166"]
[Result "0-1"]
[Round "01"]
[TimeControl "180+2"]
[Date "2023.03.14"]
[WhiteClock "0:00:26"]
[BlackClock "0:00:07"]

1. e4 c5 2. Nf3 d6 3. d4 cxd4 4. c3 dxc3 5. Nxc3 Nc6 6. Bc4 e6 7. O-O a6 8. Qe2 b5 9. Bb3 Nge7 10. Rd1 Ng6 11. a4 b4 12. Nd5 exd5 13. exd5+ Nce5 14. Nd4 Be7 15. h3 a5 16. f4 Ba6 17. Qe4 Nd3 18. Nc6 Qd7 19. Rxd3 Bxd3 20. Qxd3 O-O 21. Bc2 Bf6 22. Bd2 Rfe8 23. Rf1 Nf8 24. g4 g6 25. g5 Bg7 26. f5 gxf5 27. Rxf5 Ng6 28. Qf1 Ne5 29. Kg2 Nxc6 30. dxc6 Qxc6+ 31. Qf3 Re2+ 32. Kg3 Qxf3+ 33. Rxf3 Rxd2 34. Bb3 d5 35. Rf5 Rd8 36. h4 Rxb2 37. Bd1 d4 38. Bh5 Rd7 39. Rxa5 d3 40. Ra8+ Bf8 41. Bg4 d2 42. Re8 d1=Q 43. Bxd1 Rxd1 44. a5 b3 45. a6 Ra2 46. Rb8 b2 47. a7 b1=Q 48. Rxb1 Rxb1 49. Kg4 Rxa7 50. Kh5 Ra6 51. Kg4 Rb4+ 52. Kh5 Raa4 53. g6 Rxh4+ 54. Kg5 Be7+ 55. Kf5 Ra5# 0-1


[Site "https://www.chess.com"]

[Event "Titled Tuesday Blitz March 14 Early 2023"]
[White "Sanchez, Robert"]
[Black "Al-Tarboush, Ward"]
[WhiteFideId "2034360"]
[BlackFideId "7601450"]
[WhiteElo "2247"]
[BlackElo "2257"]
[Result "0-1"]
[Round "01"]
[TimeControl "180+2"]
[Date "2023.03.14"]
[WhiteClock "0:01:01"]
[BlackClock "0:01:42"]

1. e4 e6 2. d4 d5 3. Nc3 Nf6 4. Bg5 dxe4 5. Nxe4 Be7 6. Bxf6 gxf6 7. Nf3 f5 8. Nc3 a6 9. Qd2 b5 10. O-O-O b4 11. Ne2 Qd6 12. Kb1 Nd7 13. Nf4 Bb7 14. Be2 O-O-O 15. c3 Nb6 16. Ne5 Bg5 17. Rhe1 Qxe5 18. dxe5 Rxd2 19. Rxd2 Bxf4 20. Rdd1 bxc3 21. bxc3 Na4 22. Kc2 Bxe5 23. Bxa6 Bxa6 24. Rxe5 Bc4 25. Rd4 Nb6 26. a4 Bd5 27. g3 h5 28. h4 Rg8 29. Re1 Nc4 30. Kd3 Nb2+ 31. Kc2 Nc4 32. Kd3 Nd6 33. c4 c5 34. Rf4 Be4+ 35. Kc3 Kc7 36. f3 Rxg3 37. Re3 0-1


[Site "https://www.chess.com"]

[Event "Titled Tuesday Blitz March 14 Early 2023"]
[White "Kim, Sergey"]
[Black "Martin, Lewis"]
[WhiteFideId "13700570"]
[BlackFideId "410551"]
[WhiteElo "2627"]
[BlackElo "2145"]
[Result "1-0"]
[Round "01"]
[TimeControl "180+2"]
[Date "2023.03.14"]
[WhiteClock "0:01:23"]
[BlackClock "0:01:07"]

1. d4 d5 2. c4 c6 3. Nf3 Nf6 4. Qc2 g6 5. e3 Bg7 6. Bd3 O-O 7. Nbd2 dxc4 8. Nxc4 b5 9. Nce5 Bb7 10. O-O Qb6 11. a4 Nbd7 12. a5 Qa6 13. Bd2 Rac8 14. Bb4 Rfe8 15. Qb3 Nxe5 16. Nxe5 Nd5 17. Bc5 Bxe5 18. dxe5 Nc7 19. f4 Ne6 20. Qb4 Rcd8 21. Be4 Nxc5 22. Qxc5 Rd2 23. Rfd1 Rxb2 24. Rd7 b4 25. Bd3 1-0


[Site "https://www.chess.com"]

[Event "Titled Tuesday Blitz March 14 Early 2023"]
[White "Kowalysko, Roman"]
[Black "Seemann, Jakub"]
[WhiteFideId "30918510"]
[BlackFideId "21874697"]
[WhiteElo "2243"]
[BlackElo "2364"]
[Result "0-1"]
[Round "01"]
[TimeControl "180+2"]
[Date "2023.03.14"]
[WhiteClock "0:00:20"]
[BlackClock "0:00:49"]

1. e4 e6 2. d4 d5 3. Bd3 c5 4. exd5 exd5 5. Nf3 Nf6 6. O-O c4 7. Be2 Nc6 8. b3 cxb3 9. axb3 Bd6 10. c4 O-O 11. Nc3 dxc4 12. bxc4 Bg4 13. c5 Bb8 14. Nb5 Nd5 15. h3 Bh5 16. Re1 a6 17. Bb2 Nf4 18. d5 Nxd5 19. Nfd4 Bxe2 20. Qxe2 Nxd4 21. Nxd4 Qg5 22. Nf3 Qf5 23. Qe4 Qxe4 24. Rxe4 Bc7 25. Rg4 f6 26. Nd4 Rfe8 27. Nf5 g6 28. Nh6+ Kg7 29. Nf5+ Kf8 30. Nd4 Be5 31. Ba3 Kf7 32. Nf3 Bxa1 33. h4 h5 34. Rg3 Rad8 35. Bc1 Nc3 36. Bd2 Ne2+ 37. Kh2 Nxg3 38. Kxg3 Be5+ 39. Kh3 Bc7 40. Be3 Rd3 41. Ne1 Rexe3+ 42. fxe3 Rxe3+ 43. Nf3 g5 44. hxg5 fxg5 45. g4 Rxf3+ 46. Kg2 hxg4 47. Kg1 Ra3 48. c6 bxc6 49. Kf2 Rf3+ 50. Kg2 a5 51. Kg1 a4 52. Kh1 a3 53. Kg1 a2 54. Kg2 Rg3+ 55. Kh2 Rg1+ 56. Kxg1 a1=Q+ 57. Kg2 Qb2+ 58. Kf1 g3 59. Ke1 Bf4 60. Kd1 Qd2# 0-1


[Site "https://www.chess.com"]

[Event "Titled Tuesday Blitz March 14 Early 2023"]
[White "Escano Dionicio, Porfirio Simeon"]
[Black "Lesbekova, Assel"]
[WhiteFideId "6406181"]
[BlackFideId "13713248"]
[WhiteElo "1968"]
[BlackElo "1799"]
[Result "0-1"]
[Round "01"]
[TimeControl "180+2"]
[Date "2023.03.14"]
[WhiteClock "0:00:09"]
[BlackClock "0:00:05"]

1. c4 f5 2. g3 d6 3. Bg2 Nf6 4. d4 e5 5. Nc3 Nc6 6. dxe5 dxe5 7. Bxc6+ bxc6 8. Qxd8+ Kxd8 9. Nf3 e4 10. Nd4 c5 11. Nb3 Be6 12. Na5 Kd7 13. Be3 Bd6 14. O-O-O Ke7 15. h3 Kf7 16. b3 Bd7 17. Nb7 Ke7 18. Bxc5 Bxc5 19. Nxc5 Bc6 20. e3 Rad8 21. Kc2 g5 22. Rxd8 Rxd8 23. h4 h6 24. hxg5 hxg5 25. b4 Ng4 26. Rh7+ Kd6 27. Nb5+ Bxb5 28. Nb7+ Ke5 29. Nxd8 Bxc4 30. Rxc7 Bd3+ 31. Kd2 a6 32. Rg7 Kf6 33. Rh7 Nxf2 34. Nc6 Bc4 35. a4 Nd3 36. Rh6+ Kg7 37. Rh5 Kg6 38. Rh1 Bb3 39. b5 Bxa4 40. bxa6 Bxc6 41. a7 Ne5 42. Rc1 Ba8 43. Rc8 Bb7 44. Rb8 Bc6 45. Rb6 Nc4+ 46. Kc3 Nxb6 47. Kd4 Ba8 0-1


[Site "https://www.chess.com"]